 Dungeon Crawl Stone Soup version 0.18-a0-750-g37044d6 (webtiles) character file.

60 gorblad the Firebug (level 3, 0/26 HPs)
             Began as a Centaur Fire Elementalist on Dec 11, 2015.
             Killed from afar by Natasha (1 damage)
             ... with a magic dart
             ... on level 2 of the Dungeon.
             The game lasted 00:09:10 (1916 turns).

gorblad the Firebug (Centaur Fire Elementalist)     Turns: 1916, Time: 00:09:10

Health: 0/26       AC:  5    Str: 10    XL:     3   Next: 82%
Magic:  0/6        EV: 10    Int: 15    God:
Gold:   103        SH:  0    Dex:  9    Spells: 1 memorised, 5 levels left

rFire  . . .     SeeInvis .     q - +0 dagger
rCold  . . .     Clarity  .     a - +1 robe
rNeg   . . .     SustAt   .     (no shield)
rPois  .         Gourm    .     (helmet restricted)
rElec  .         Spirit   .     (no cloak)
rCorr  .         Dismiss  .     (no gloves)
rMut   .         Stasis   .     (no barding)
MR     .....                    (no amulet)
Stlth  +.........               (no ring)
                                (no ring)

@: very slightly contaminated, slowed, not resistant to hostile enchantments,
very unstealthy
A: beak, hooves 3, deformed body, speed 2, tough skin 3
a: no special abilities


You were on level 2 of the Dungeon.
You were hungry.

You visited 1 branch of the dungeon, and saw 2 of its levels.

You collected 103 gold pieces.

Inventory:

Hand Weapons
 q - a +0 dagger (weapon)
Armour
 a - a +1 robe (worn)
Jewellery
 j - an uncursed amulet of stasis
 m - an uncursed ring of stealth {unknown}
Scrolls
 e - a scroll of amnesia {unknown}
 l - a scroll of random uselessness {unknown}
 n - 3 scrolls of fear
 o - 3 scrolls of remove curse
Potions
 i - a potion of degeneration {unknown}
 k - a potion of heal wounds
 p - a potion of curing {unknown}
Books
 b - a book of Flames

   Spells                             Type                      Level
   a - Flame Tongue                   Conjuration/Fire             1
   b - Throw Flame                    Conjuration/Fire             2
   c - Conjure Flame                  Conjuration/Fire             3
   d - Inner Flame                    Hexes/Fire                   3
   e - Sticky Flame                   Conjuration/Fire             4
   f - Fireball                       Conjuration/Fire             5
Comestibles
 c - 2 bread rations
 d - a beef jerky
 g - a fruit
 h - a meat ration


   Skills:
 + Level 1.8 Dodging
 - Level 1.2 Stealth
 * Level 2.2 Spellcasting
 + Level 1.6 Conjurations
 + Level 3.1 Fire Magic


You had 5 spell levels left.
You knew the following spells:

 Your Spells              Type           Power        Failure   Level  Hunger
a - Flame Tongue          Conj/Fire      #....        12%         1    #......


Dungeon Overview and Level Annotations

Branches:
Dungeon (2/15)

Altars:

Annotations:
D:2 Natasha


Innate Abilities, Weirdness & Mutations

You have hooves in place of feet.
Armour fits poorly on your strangely shaped body.
You cover ground very quickly.
You have extremely tough skin (AC +3).
You have a beak for a mouth.


Message History

Something claws you.
* * * LOW HITPOINT WARNING * * *
The white imp closely misses you.
You hear some strange, mumbled words.
The white imp barely misses you.
You are too injured to fight recklessly!
Unknown command.
You are too injured to fight recklessly!
Unknown command.
You are too injured to fight recklessly!
Unknown command.
You miss the crimson imp. Something claws you.
* * * LOW HITPOINT WARNING * * *
The white imp hits you but does no damage.
The crimson imp barely misses you.
You hit the crimson imp but do no damage.
You hear some strange, mumbled words.
A magic dart appears from out of thin air!
The magic dart hits you!
You die...

.)[....#.......#
......#.......##
...(....#####.#
..#.........#.#####
#.....#####.......#
....### ###.....#
##....# #.....#
#..##.## #..5$.##.#
..###.)# ##..@5...#
.## ##.# #........#
## #.# ###.......#
# #.# #.......# #
#.. #.......# # ##.
##.....## # #.
.....# # . ...... #
#.


You could see a crimson imp and a white imp.

Vanquished Creatures
  3 adders (D:2)
  2 giant geckos
  2 giant cockroaches
  A hobgoblin (D:2)
  3 jackals (D:1)
  A quokka (D:2)
  A ball python (D:2)
  5 bats
  2 giant newts (D:2)
  6 goblins
  3 kobolds
  4 rats
33 creatures vanquished.

Notes
Turn   | Place    | Note
--------------------------------------------------------------
     0 | D:1      | gorblad the Centaur Fire Elementalist began the quest for the Orb.
     0 | D:1      | Reached XP level 1. HP: 14/14 MP: 3/3
   168 | D:1      | Reached skill level 1 in Conjurations
   612 | D:1      | Reached XP level 2. HP: 20/20 MP: 2/4
   790 | D:1      | Gained mutation: You have a beak for a mouth. [potion of beneficial mutation]
  1427 | D:2      | Found a faded altar to an unknown god.
  1563 | D:2      | Reached skill level 3 in Fire Magic
  1563 | D:2      | Reached XP level 3. HP: 15/26 MP: 1/6
  1904 | D:2      | Noticed Natasha
  1915 | D:2      | HP: 1/26 [something (5)]
  1916 | D:2      | Killed from afar by Natasha

Vault maps used:
D:1:      saegor_arrival_miasma, serial_glass, glass_columns_a, glass_columns_a,
          item_on_display_a
D:2:      ecumenical_altar_2, uniq_natasha

Action                   || total
-------------------------++-------
Melee: Unarmed           ||    40
       Dagger            ||    51
 Cast: Flame Tongue      ||    47
  Use: Scroll            ||     9
       Potion            ||     1
  Eat: Chunk             ||     2
       Fruit             ||     1
